 Dungeon Crawl Stone Soup version 0.21-a0-538-gd16b88a (webtiles) character file.

194 Lasiace the Skirmisher (level 5, -6/55 HPs)
             Began as an Ogre Arcane Marksman on Dec 15, 2017.
             Mangled by a worm (7 damage)
             ... on level 3 of the Dungeon.
             The game lasted 00:14:15 (3659 turns).

Lasiace the Skirmisher (Ogre Arcane Marksman)       Turns: 3659, Time: 00:14:16

Health: -6/55      AC:  3    Str: 14    XL:     5   Next: 73%
Magic:  9/9        EV: 15    Int: 14    God:
Gold:   136        SH:  0    Dex: 10    Spells: 7/10 levels left

rFire    . . .     SeeInvis .   a - +2 dagger (venom)
rCold    . . .     Gourm    .   (no shield)
rNeg     . . .     Faith    .   d - +0 robe
rPois    .         Spirit   .   (helmet restricted)
rElec    .         Reflect  .   (no cloak)
rCorr    .         Harm     .   (gloves unavailable)
MR       .....                  (boots unavailable)
Stlth    +.........             (no amulet)
HPRegen  0.18/turn              I - +5 ring of evasion
MPRegen  0.11/turn              (no ring)

@: no status effects
A: large, unfitting armour, tough skin 1
a: no special abilities


You were on level 3 of the Dungeon.
You were not hungry.

You visited 1 branch of the dungeon, and saw 3 of its levels.
You also visited: Sewer.

You collected 136 gold pieces.

Inventory:

Hand Weapons
 a - a +2 dagger of venom (weapon)
 b - a +0 hunting sling
 q - a +0 mace
 B - a +0 blowgun
Missiles
 c - 4 large rocks {@Q6}
 h - 7 javelins (quivered) {@Q9}
 p - 18 sling bullets {@Q3}
 r - 154 stones {@Q0}
 u - 5 tomahawks {@Q8}
 x - 2 throwing nets {=f !f}
 y - 14 poisoned needles
Armour
 d - a +0 robe (worn)
Jewellery
 I - a +5 ring of evasion (left hand)
Scrolls
 e - 2 scrolls of identify {unknown}
 g - 3 scrolls of teleportation {unknown}
 i - a scroll of fear {unknown}
 k - a scroll of amnesia {unknown}
 o - a scroll of random uselessness {unknown}
 t - 2 scrolls of immolation {unknown}
Potions
 j - 3 potions of lignification {unknown}
 m - 5 potions of curing {@q2}
 n - 3 potions of flight {unknown}
 w - 2 potions of brilliance {unknown}
 A - 2 potions of heal wounds {unknown}
 C - a potion of magic {unknown}
 D - a potion of might {unknown}
Books
 E - a book of Debilitation

   Spells                             Type                      Level
   a - Corona                         Hexes                        1
   b - Slow                           Hexes                        2
   c - Inner Flame                    Hexes/Fire                   3
   d - Portal Projectile              Hexes/Translocation          3
   e - Cause Fear                     Hexes                        4
   f - Leda's Liquefaction            Hexes/Earth                  4
Comestibles
 f - a bread ration
 l - 2 royal jellies
 s - a meat ration
 v - a chunk of flesh
 z - 3 fruits


   Skills:
 + Level 4.7 Fighting
 - Level 2.0 Throwing
 - Level 1.7 Dodging
 - Level 3.0 Spellcasting
 - Level 4.0 Hexes


You had 7 spell levels left.
You knew the following spells:

 Your Spells              Type           Power        Failure   Level  Hunger
a - Corona                Hex            ##.....      4%          1    #......
b - Slow                  Hex            ##......     6%          2    ##.....


Dungeon Overview and Level Annotations

Branches:
Dungeon (3/15)

Altars:
Wu Jian


Innate Abilities, Weirdness & Mutations

You are too large for most types of armour.
You have tough skin. (AC +1)


Message History

Pain shoots through your body!
* * * LOW HITPOINT WARNING * * *
The orc closely misses you. The worm barely misses you.
You barely miss the orc priest.
The orc priest is almost dead.
The orc wizard mumbles some strange words.
The orc wizard blinks!
The orc priest hits you with a whip.
* * * LOW HITPOINT WARNING * * *
The orc completely misses you. The worm bites you!
* * * LOW HITPOINT WARNING * * *
Unknown command.
Unknown command.
Unknown command.
Unknown command.
You hit the orc priest but do no damage.
The orc priest is almost dead.
The orc priest closely misses you.
The orc wizard casts a spell.
The orc wizard blinks!
The orc hits you but does no damage. The worm bites you!
You die...

#.............#
###...........#
##..........#
#..........#
##.........#
#.........#
#.........#
#......o..###.
#.....@o.ยง(.((
#.....ww..(...
#.>..####.....
#....# ...=.
#.... ....
#.... ... #....
. #..


You could see 2 worms, an orc priest and an orc.

Vanquished Creatures
  9 adders
  An ooze (Sewer)
  4 worms
  A dart slug (D:1)
  A leopard gecko (D:2)
  3 orcs (D:3)
  A ball python (Sewer)
  4 giant cockroaches
  11 hobgoblins
  5 jackals (D:2)
  2 quokkas
  7 bats
  2 frilled lizards (D:2)
  13 goblins
  19 kobolds
  8 rats
91 creatures vanquished.

Notes
Turn   | Place    | Note
-------+----------+-------------------------------------------
     0 | D:1      | Lasiace the Ogre Arcane Marksman began the quest for the Orb.
     0 | D:1      | Reached XP level 1. HP: 19/19 MP: 2/2
   278 | D:1      | Reached XP level 2. HP: 27/27 MP: 1/3
   813 | D:1      | Learned a level 2 spell: Slow
  1233 | D:2      | Reached XP level 3. HP: 30/33 MP: 4/4
  1559 | D:2      | HP: 1/33 [poisoned by an adder]
  2041 | D:2      | Reached XP level 4. HP: 20/41 MP: 5/7
  2704 | D:2      | Found an ornate altar of the Wu Jian Council.
  2937 | D:3      | Found a glowing drain.
  2946 | D:3      | Reached XP level 5. HP: 26/52 MP: 9/9
  3126 | Sewer    | Entered a sewer
  3658 | D:3      | HP: 1/55 [worm (9)]
  3659 | D:3      | Mangled by a worm

Vault maps used:
D:1:      dpeg_arrival_signposts
D:2:      old_standard_altar, minmay_split_cup_large
D:3:      gup_sewer_entry_glass
Sewer:    sewer_co_15_rooms

Skill      XL: |  1  2  3  4  5 |
---------------+----------------+-----
Hexes          | 3 4 |  4.0
Spellcasting   | 2 3 |  3.0
Fighting       | 2 4 |  4.7
Throwing       | |  2.0
Dodging        | |  1.7

Action                   |  1- 3 |  4- 6 || total
-------------------------+-------+-------++-------
Melee: Dagger            |   169 |   139 ||   308
       Unarmed           |    13 |       ||    13
 Fire: Hunting sling     |       |    17 ||    17
Throw: Large rock        |     9 |     3 ||    12
       Tomahawk          |    19 |     5 ||    24
       Javelin           |       |    22 ||    22
 Cast: Corona            |    24 |    22 ||    46
       Slow              |     4 |       ||     4
  Eat: Chunk             |     5 |     6 ||    11
Armor: Robe              |    52 |    23 ||    75
Dodge: Dodged            |   160 |   115 ||   275

Table legend:
 A = Spawn XP
 B = Non-spawn XP
 C = Spawn XP percentage of total XP
 D = Spawn monster count
 E = Non-spawn monster count
 F = Spawn count percentage of total count
 G = Total turns spent on level
                    A         B        C        D         E        F      G
               +---------+---------+-------+---------+---------+-------+---------
         Total |       0 |     278 |   0.0 |       0 |      91 |   0.0 |  3659
               +---------+---------+-------+---------+---------+-------+---------
           D:1 |       0 |      33 |   0.0 |       0 |      21 |   0.0 |  1203
           D:2 |       0 |      80 |   0.0 |       0 |      32 |   0.0 |  1620
           D:3 |       0 |      73 |   0.0 |       0 |      22 |   0.0 |   441
         Sewer |       0 |      92 |   0.0 |       0 |      16 |   0.0 |   395
               +---------+---------+-------+---------+---------+-------+---------
